 Dungeon Crawl Stone Soup version 0.29.1-13-g9f3cf754e1 (webtiles) character file.

Game seed: 7460237816050375729

128298 LLlMATKO the Severer (level 16, -4/150 HPs)
             Began as a Minotaur Berserker on Jan 29, 2023.
             Was the Champion of Trog.
             Slain by a merfolk siren
             ... wielding a +0 spear
             ... led by Ilsuiw
              (9 damage)
             ... on level 2 of the Shoals on Jan 30, 2023.
             The game lasted 00:46:16 (33907 turns).

LLlMATKO the Severer (Minotaur Berserker)          Turns: 33907, Time: 00:46:16

Health: -4/150     AC: 20    Str: 29    XL:     16   Next: 48%
Magic:  24/24      EV: 14    Int:  4    God:    Trog [******]
Gold:   2387       SH: 25    Dex: 19    Spells: 15/15 levels left

rFire   + + +      SeeInvis .   t - +2 demon whip (flame)
rCold   + . .      Faith    .   Z - +0 tower shield
rNeg    . . .      Spirit   .   f - +1 plate armour of Bad Feelings {rF++ MP+9 Dex+2}
rPois   +          Reflect  +   v - +1 hat
rElec   .          Harm     .   k - scarf {rC+ rF+}
rCorr   .          Rampage  .   K - +0 pair of gloves
Will    +....                   (no boots)
Stlth   ..........              S - amulet of reflection
HPRegen 0.35/turn               s - +6 ring of dexterity
MPRegen 0.19/turn               z - ring of poison resistance

@: on berserk cooldown, slowed, studying Ranged Weapons, very slow
A: horns 2, retaliatory headbutt
a: Renounce Religion, Berserk, Trog's Hand, Brothers in Arms


You were on level 2 of the Shoals.
You worshipped Trog.
Trog was exalted by your worship.
You visited 4 branches of the dungeon, and saw 24 of its levels.
You visited the Abyss 1 time.
You also visited: Ice Cave.

You collected 2501 gold pieces.
You spent 114 gold pieces at shops.

Inventory:

Hand Weapons
 d - a +1 vampiric broad axe
 t - a +2 demon whip of flaming (weapon)
 D - a +3 spear of venom
Missiles
 q - 11 boomerangs (quivered)
 C - 2 throwing nets
 N - 2 curare-tipped darts
 U - 32 poisoned darts
Armour
 f - the +1 plate armour of Bad Feelings (worn) {rF++ MP+9 Dex+2}
   (You found it on level 7 of the Dungeon)

   Dex:       It affects your dexterity (+2).
   rF:        It greatly protects you from fire.
   MP:        It affects your magic capacity (+9).
 k - a scarf of resistance (worn)
 v - a +1 hat (worn)
 H - a +2 buckler of cold resistance
 K - a +0 pair of gloves (worn)
 Z - a +0 tower shield (worn)
Jewellery
 h - a ring of fire
 p - a ring of flight
 r - a ring of see invisible
 s - a +6 ring of dexterity (left hand)
 z - a ring of poison resistance (right hand)
 R - a ring of ice
 S - an amulet of reflection (around neck)
 W - a ring of protection from cold
Wands
 n - a wand of mindburst (33)
 x - a wand of charming (8)
 L - a wand of flame (2)
 Q - a wand of polymorph (5)
 T - a wand of acid (10)
 V - a wand of iceblast (4)
Scrolls
 a - 3 scrolls of teleportation
 c - 14 scrolls of identify
 e - 6 scrolls of poison
 i - 9 scrolls of enchant armour
 m - a scroll of silence
 y - 3 scrolls of enchant weapon
 I - 3 scrolls of butterflies
 Y - a scroll of fear
Potions
 b - a potion of berserk rage {unknown}
 g - 4 potions of haste
 j - 2 potions of might
 l - 5 potions of flight
 o - 5 potions of curing
 u - 2 potions of cancellation
 F - 3 potions of lignification
 G - a potion of magic
 J - 4 potions of heal wounds
 M - 2 potions of ambrosia
 P - 2 potions of resistance
 X - 2 potions of invisibility


   Skills:
 + Level 15.7 Fighting
 + Level 15.7 Axes
 - Level 13.0 Ranged Weapons
 + Level 15.5 Armour
 + Level 14.3 Dodging
 + Level 15.0 Shields


You had 15 spell levels left.
You didn't know any spells.
Your spell library was empty.

Dungeon Overview and Level Annotations

Branches:
Dungeon (15/15)            Temple (0/1) D:6            Lair (5/5) D:8
 Shoals (2/4) Lair:2        Snake (0/4) Lair:2        Slime (0/5) Lair:4
    Orc (2/2) D:9             Elf (0/3) Orc:2        Vaults (0/5) D:14
 Depths (0/4) D:15          IceCv (visited)

Altars:
Cheibriados
Dithmenos
Gozag
Kikubaaqudgha
Makhleb
Nemelex Xobeh
Okawaru
Ru
Trog
Wu Jian
Xom
Yredelemnul
Zin
Jiyva

Shops:
D:6 (   D:7 [   D:15 (   Orc:2 =**[(

Annotations:
Shoals:2 1 runed translucent door, Ilsuiw


Innate Abilities, Weirdness & Mutations

You have a pair of horns on your head.
You reflexively headbutt those who attack you in melee.


Message History

The merfolk javelineer throws a javelin.
The javelin barely misses you.
Unknown command.
You whack the merfolk javelineer! You burn the merfolk javelineer.
You headbutt the merfolk javelineer!!
The merfolk javelineer is heavily wounded.
You block the merfolk's attack.
Unknown command.
You whack the merfolk javelineer! You burn the merfolk javelineer.
The merfolk javelineer is almost dead.
You block the merfolk siren's attack. The water elemental closely misses you.
You furiously retaliate!
You headbutt the water elemental, but do no damage.
The water elemental hits you.
The merfolk javelineer throws a javelin.
The javelin pierces through you!
* * * LOW HITPOINT WARNING * * *
You whack the merfolk javelineer! You burn the merfolk javelineer.
You kill the merfolk javelineer!
Trog accepts your kill. Trog grants you a weapon!
Something appears at your feet!
You see here a +3 morningstar.
The merfolk closely misses you. You block the merfolk siren's attack.
Okay, then.
You are no longer berserk.
You are exhausted.
You feel yourself slow down. You block the water elemental's attack.
The water elemental closely misses you. The merfolk barely misses you.
Items here: ( ) [ †.
You hit the water elemental but do no damage.
You headbutt the water elemental, but do no damage.
Ilsuiw appears from thin air!
Reactivating autopickup.
The merfolk siren chants a haunting song.
You easily resist.
You block the water elemental's attack. The water elemental misses you.
You block the water elemental's attack. You block the merfolk's attack.
Your troll goes berserk!
The merfolk siren hits you with a +0 spear!
You die...

...~~~~ .mm..~~~~~≈~~.
......~≈≈≈~~.
§.....~≈≈≈~~ ≈.. #.
.....~~~~~. ≈>.###.
#.T.~~~~~~. ~......
##m.~~~~~~~. ~......
####@..~~~≈≈~~~
~.~....##..EEE.~†~≈≈≈≈~
~...P.....##.m..~~≈≈≈≈≈
~~...~~≈~.###....~~≈≈≈≈
~~..~~...## #......~~≈≈
~.~~.....P###m.....~P≈≈
~~~~~~.....##...~..~~≈≈
~~~~~..........~~~.~~≈≈
~~~~........P..~~~~~~≈≈


You could see Ilsuiw, a merfolk, 3 water elementals, a merfolk siren (ally
target) and a friendly troll (summoned, berserk).

Vanquished Creatures
  Nikola (Shoals:1)
  Gastronok (D:8)
  Roxanne (Shoals:1)
  Louise (D:14)
  An orc warlord (Orc:2)
  A fire dragon (Lair:5)
  Josephine (Orc:2)
  2 merfolk javelineers (Shoals:2)
  A yaktaur captain (D:13)
  2 ettins
  3 vault guards (D:14)
  12 hydras
  4 boulder beetles
  A catoblepas (Lair:5)
  An ogre mage (D:14)
  10 centaur warriors
  A merfolk aquamancer (Shoals:2)
  10 two-headed ogres
  An alligator (shapeshifter) (D:15)
  A deep troll earth mage (D:13)
  4 orc high priests (Orc:2)
  6 tengu warriors
  A fire crab (Lair:5)
  A sea snake (Shoals:1)
  A glowing orange brain (D:15)
  A phantasmal warrior (D:13)
  9 harpies (Shoals:1)
  2 wolf spiders (D:15)
  8 orc knights
  A necromancer (IceCv)
  2 oklob plants (Lair:5)
  2 deep elf zephyrmancers (D:12)
  3 deep elf pyromancers
  13 ugly things
  4 fauns (Shoals:1)
  5 orc sorcerers
  9 cyclopes
  8 elephants
  Maurice (D:9)
  3 manticores
  5 black mambas
  2 water nymphs (Shoals:1)
  A guardian serpent (shapeshifter) (D:15)
  3 molten gargoyles (Lair:5)
  A merfolk siren (Shoals:1)
  An ice statue (IceCv)
  7 gargoyles
  8 cane toads
  A torpor snail (Lair:4)
  Maggie (D:9)
  2 efreet
  A kobold demonologist (D:10)
  A rime drake (Lair:4)
  11 ice devils (IceCv)
  2 unseen horrors
  3 freezing wraiths
  A yaktaur (D:14)
  A tengu conjurer (D:14)
  13 komodo dragons
  4 trolls
  3 anaconda simulacra (IceCv)
  A wind drake (Lair:2)
  3 hornets
  2 polar bears
  2 merfolk
  A snapping turtle (Shoals:1)
  12 slime creatures
  16 blink frogs
  6 dream sheep (Shoals:1)
  4 dire elephant simulacra (IceCv)
  6 wyverns
  A vampire (D:10)
  A centaur simulacrum (D:14)
  6 water elementals
  47 yaks
  3 wraiths (Orc:2)
  3 basilisks
  A steam dragon (Lair:5)
  An unseen horror simulacrum (D:8)
  5 death yak simulacra (IceCv)
  14 vampire mosquitoes
  3 nagas (Lair:2)
  A warg (Orc:1)
  A harpy simulacrum (IceCv)
  An acid dragon (shapeshifter) (D:15)
  3 acid dragons
  5 hell hounds (Lair:5)
  A hydra simulacrum (IceCv)
  17 water moccasins
  A sky beast (D:6)
  A meliai simulacrum (D:14)
  45 orc warriors
  4 black bears
  3 ice beasts (D:8)
  A boggart (shapeshifter) (D:14)
  12 wolves
  3 ogres
  12 centaurs
  10 bullfrogs
  3 kobold brigands
  A necrophage (D:8)
  4 gnoll sergeants
  4 scorpions
  An earth elemental (Abyss:3)
  3 cane toad simulacra (IceCv)
  A two-headed ogre simulacrum (IceCv)
  20 wights
  6 elephant simulacra (IceCv)
  9 killer bees
  2 electric eels (D:8)
  5 howler monkeys
  4 lava snakes (Lair:5)
  A centaur zombie (D:6)
  4 jellies
  2 gnoll boudas
  26 orc priests
  3 hounds
  An iron imp (D:5)
  29 orc wizards
  2 hell rats (Lair:1)
  A polar bear simulacrum (IceCv)
  4 spriggan simulacra (IceCv)
  Terence (D:2)
  5 wolf simulacra (IceCv)
  A killer bee zombie (D:6)
  A killer bee simulacrum (D:8)
  28 gnolls
  6 river rats (Lair:1)
  3 adders
  A shadow imp (D:7)
  2 white imps
  A howler monkey simulacrum (D:10)
  An ufetubus (D:6)
  A worm (D:5)
  A dart slug (D:4)
  98 orcs
  6 ball pythons
  4 endoplasms
  6 giant cockroaches
  5 goblins
  5 hobgoblins
  4 jackals (D:2)
  19 kobolds
  3 quokkas
  2 bats
  A frilled lizard (D:3)
  4 rats
816 creatures vanquished.

Vanquished Creatures (others)
  Nessos (D:14)
  A hydra (Lair:5)
  A merfolk avatar (Shoals:2)
  A harpy (Shoals:1)
  A bush (Lair:5)
  24 fungi
  66 plants
95 creatures vanquished.

Grand Total: 911 creatures vanquished

Notes
Turn   | Place    | Note
-------+----------+-------------------------------------------
     0 | D:1      | LLlMATKO the Minotaur Berserker began the quest for the
                  | Orb.
     0 | D:1      | Reached XP level 1. HP: 19/19 MP: 0/0
    84 | D:1      | Reached XP level 2. HP: 23/27 MP: 1/1
   304 | D:1      | Found a faded altar of an unknown god.
   857 | D:1      | Reached XP level 3. HP: 27/33 MP: 2/2
   988 | D:2      | Reached ** piety under Trog
  1723 | D:2      | Noticed Terence
  1727 | D:2      | Killed Terence
  1728 | D:2      | Reached skill level 1 in Ranged Weapons
  1728 | D:2      | Reached XP level 4. HP: 38/40 MP: 3/3
  2077 | D:3      | Found an opulent altar of Gozag.
  2666 | D:3      | Reached XP level 5. HP: 30/47 MP: 4/4
  3004 | D:4      | Reached skill level 1 in Shields
  4041 | D:5      | Entered Level 5 of the Dungeon
  4041 | D:5      | Found a sparkling altar of Nemelex Xobeh.
  4062 | D:5      | Reached XP level 6. HP: 48/55 MP: 5/5
  4249 | D:5      | Reached *** piety under Trog
  4356 | D:5      | Reached skill level 5 in Fighting
  4356 | D:5      | Reached skill level 5 in Axes
  4610 | D:5      | Noticed a water moccasin
  4616 | D:5      | Killed a water moccasin
  4641 | D:5      | Reached XP level 7. HP: 59/61 MP: 6/6
  4689 | D:5      | Found a glowing silver altar of Zin.
  4772 | D:5      | Found a snail-covered altar of Cheibriados.
  4992 | D:6      | Found a staircase to the Ecumenical Temple.
  5013 | D:6      | Reached skill level 5 in Armour
  5259 | D:6      | Found Esiwomp's Antique Weapon Shoppe.
  5622 | D:6      | Reached XP level 8. HP: 58/70 MP: 7/7
  5932 | D:6      | Reached skill level 5 in Dodging
  6094 | D:6      | Found a basalt altar of Yredelemnul.
  6234 | D:7      | Found Tepteply's Antique Armour Boutique.
  6275 | D:7      | Found a shadowy altar of Dithmenos.
  6289 | D:7      | Identified the +1 plate armour of Bad Feelings {rF++ MP+9
                  | Dex+2}
  6642 | D:7      | Noticed a two-headed ogre
  6650 | D:7      | Killed a two-headed ogre
  6651 | D:7      | Reached skill level 5 in Ranged Weapons
  6651 | D:7      | Reached skill level 5 in Shields
  6651 | D:7      | Reached XP level 9. HP: 57/79 MP: 8/8
  6710 | D:7      | HP: 3/75 [wight/+2 great sword of freezing (1)]
  7247 | D:7      | Reached **** piety under Trog
  7249 | D:7      | Found a burning altar of Makhleb.
  7427 | D:8      | Found a shimmering altar of Xom.
  7546 | D:8      | Found a transporter.
  7587 | D:8      | Noticed Gastronok
  7592 | D:8      | Noticed a polar bear
  7608 | D:8      | Killed Gastronok
  7609 | D:8      | Reached XP level 10. HP: 88/88 MP: 9/9
  8139 | D:8      | Found a staircase to the Lair.
  8513 | D:8      | Found a transporter.
  8539 | D:8      | Found a transporter.
  8687 | D:8      | Found a transporter.
  9263 | D:9      | Reached ***** piety under Trog
  9321 | D:9      | Found a staircase to the Orcish Mines.
  9552 | D:9      | Noticed a two-headed ogre
  9560 | D:9      | Killed a two-headed ogre
  9576 | D:9      | Noticed a centaur warrior
  9579 | D:9      | Found a sacrificial altar of Ru.
  9579 | D:9      | Noticed Maggie
  9763 | D:9      | Paralysed by a hornet for 1 turns
  9933 | D:9      | Reached XP level 11. HP: 86/97 MP: 10/10
 10125 | D:9      | Found a bloodstained altar of Trog.
 10227 | D:9      | Found an ancient bone altar of Kikubaaqudgha.
 10317 | D:9      | Killed a centaur warrior
 10405 | D:9      | Found an ornate altar of the Wu Jian Council.
 10526 | D:9      | Noticed Maurice
 10562 | D:9      | Killed Maurice
 11138 | D:10     | Entered Level 10 of the Dungeon
 11144 | D:10     | Noticed a deep elf pyromancer
 11145 | D:10     | Noticed a deep elf pyromancer
 11150 | D:10     | Noticed a deep elf zephyrmancer
 11154 | D:10     | Killed a deep elf pyromancer
 11335 | D:10     | Noticed a deep elf zephyrmancer
 11490 | D:10     | Found an iron altar of Okawaru.
 11642 | D:10     | Noticed a two-headed ogre
 11651 | D:10     | Killed a two-headed ogre
 11710 | D:10     | Noticed a two-headed ogre
 11719 | D:10     | Killed a two-headed ogre
 11950 | D:10     | Received a gift from Trog
 12010 | D:10     | Found a runed translucent door.
 12069 | D:10     | Reached skill level 10 in Axes
 12225 | D:10     | Found a runed translucent door.
 12448 | D:9      | Killed Maggie
 12449 | D:9      | Reached skill level 10 in Fighting
 12666 | D:10     | Reached skill level 10 in Armour
 12748 | D:10     | Noticed a green ugly thing
 12757 | D:10     | Killed a green ugly thing
 12971 | D:10     | Noticed a boulder beetle
 12992 | D:10     | Killed a boulder beetle
 13159 | D:10     | Reached XP level 12. HP: 105/107 MP: 11/11
 13166 | D:10     | Noticed a two-headed ogre
 13182 | D:10     | Killed a two-headed ogre
 13400 | D:11     | Noticed an eight-headed hydra
 13409 | D:11     | Killed a nine-headed hydra
 13685 | D:11     | Noticed a two-headed ogre
 13714 | D:11     | Killed a two-headed ogre
 13788 | D:11     | Noticed a boulder beetle
 13808 | D:11     | Killed a boulder beetle
 14009 | D:11     | Noticed a four-headed hydra
 14022 | D:11     | Killed a four-headed hydra
 14142 | D:11     | Noticed a two-headed ogre
 14289 | D:11     | Noticed a two-headed ogre
 14296 | D:11     | Killed a two-headed ogre
 14297 | D:11     | Reached skill level 10 in Shields
 14436 | D:11     | Killed a two-headed ogre
 14658 | D:11     | Noticed a two-headed ogre
 14667 | D:11     | Killed a two-headed ogre
 14896 | D:12     | Reached skill level 10 in Dodging
 15414 | D:12     | Noticed a two-headed ogre
 15423 | D:12     | Killed a two-headed ogre
 15615 | D:13     | Noticed a centaur warrior
 15631 | D:13     | Killed a centaur warrior
 15633 | D:13     | Reached XP level 13. HP: 116/116 MP: 12/12
 15754 | Lair:1   | Entered Level 1 of the Lair of Beasts
 15892 | Lair:1   | Reached skill level 10 in Ranged Weapons
 17021 | Lair:2   | Found a frozen archway.
 17054 | IceCv    | Entered an ice cave
 17642 | IceCv    | Received a gift from Trog
 17979 | IceCv    | Found an ancient bone altar of Kikubaaqudgha.
 18956 | Lair:2   | Found a staircase to the Snake Pit.
 19202 | Lair:2   | Found a staircase to the Shoals.
 19648 | Lair:2   | Identified the +4 scale mail of Sorcery {-Tele rC++ Str+2}
 20313 | Lair:3   | Reached XP level 14. HP: 124/127 MP: 13/13
 20391 | Lair:3   | Reached ****** piety under Trog
 20733 | Lair:4   | Identified a scroll of acquirement
 20733 | Lair:4   | Acquired a manual of Ranged Weapons
 20886 | Lair:4   | Received a gift from Trog
 21134 | Lair:4   | Found a staircase to the Slime Pits.
 21135 | Lair:4   | Found a viscous altar of Jiyva.
 21615 | Lair:5   | Entered Level 5 of the Lair of Beasts
 22844 | Lair:5   | Found a large runed translucent door.
 22845 | Lair:5   | Found a large runed translucent door.
 23660 | Lair:5   | Identified the +8 falchion of Papry {flame, rC+ Will+}
 23964 | Orc:1    | Entered Level 1 of the Orcish Mines
 24790 | Orc:2    | Entered Level 2 of the Orcish Mines
 24990 | Orc:2    | Noticed Josephine
 25001 | Orc:2    | Killed Josephine
 25002 | Orc:2    | Reached XP level 15. HP: 137/137 MP: 14/14
 25057 | Orc:2    | Noticed an orc warlord
 25070 | Orc:1    | Paralysed by an orc sorcerer for 2 turns
 25345 | Orc:2    | Killed an orc warlord
 25992 | Orc:2    | Found a staircase to the Elven Halls.
 26211 | Orc:2    | Found Kisauczi's Assorted Antiques.
 26392 | Orc:2    | Found Axzuup's General Store.
 26393 | Orc:2    | Found Riowudeng's Jewellery Shoppe.
 26395 | Orc:2    | Found Migam's Antique Armour Emporium.
 26395 | Orc:2    | Found Riwuw's Antique Weapon Emporium.
 26410 | Orc:2    | Bought a scroll of brand weapon for 114 gold pieces
 26430 | Orc:2    | Found Migam's Antique Armour Emporium.
 26431 | Orc:2    | Found Riwuw's Antique Weapon Emporium.
 26433 | Orc:2    | Found Axzuup's General Store.
 26433 | Orc:2    | Found Riowudeng's Jewellery Shoppe.
 26475 | Orc:2    | Found Kisauczi's Assorted Antiques.
 26538 | Orc:2    | Found a staircase to the Elven Halls.
 28219 | D:14     | Noticed Louise
 28225 | Abyss:3  | Cast into level 3 of the Abyss (Louise)
 28236 | D:14     | Escaped the Abyss
 28662 | D:14     | Noticed Nessos
 28681 | D:14     | Killed Nessos
 28836 | D:14     | Killed Louise
 29905 | D:14     | Paralysed by an orc sorcerer for 5 turns
 29934 | D:14     | Paralysed by something for 5 turns
 30155 | D:14     | Found a gate to the Vaults.
 30581 | D:14     | Reached skill level 15 in Axes
 30595 | D:15     | Entered Level 15 of the Dungeon
 30599 | D:15     | Received a gift from Trog
 30633 | D:15     | Reached skill level 15 in Fighting
 30665 | D:15     | Identified the +7 great mace "Rasudur" {vorpal, *Corrode
                  | Str+5 Int+6}
 31006 | D:15     | Reached XP level 16. HP: 122/149 MP: 15/15
 31009 | D:15     | Reached skill level 15 in Armour
 31296 | D:15     | Found a staircase to the Depths.
 31496 | D:15     | Found Jek Vipha's Weapon Shoppe.
 32043 | Shoals:1 | Entered Level 1 of the Shoals
 32642 | Shoals:1 | Noticed Roxanne
 32670 | Shoals:1 | Killed Roxanne
 32712 | Shoals:1 | Noticed Nikola
 32732 | Shoals:1 | Killed Nikola
 33801 | Shoals:2 | Found a runed translucent door.
 33862 | Shoals:2 | Noticed Ilsuiw
 33878 | Shoals:2 | Reached skill level 15 in Shields
 33903 | Shoals:2 | HP: 6/225 [merfolk javelineer/javelin[Ilsuiw] (8)]
 33904 | Shoals:2 | Received a gift from Trog
 33907 | Shoals:2 | Slain by a merfolk siren

Illustrated notes

Levels and vault maps discovered:
D:1:      scummos_arrival_simple_fountains, layout_basic,
          shapermc_ecumenical_altar_petra
D:2:      layout_basic, uniq_terence
D:3:      layout_basic, lemuel_tele_altar
D:4:      layout_basic
D:5:      layout_basic, zin_academy, mainiacjoe_overflow_tiny_flanked,
          chei_slow_surprise
D:6:      layout_basic, lemuel_zombie_altar_yredelemnul,
          minmay_temple_entry_ruins, serial_shops, shop, chequers_avenue
D:7:      layout_gridville, amcnicky_altar_gilded, makhleb_heckhound_becter,
          serial_shops, shop, enter_bailey_7, nrook_uturn
D:8:      layout_basic, xom_teletrap_fun, lair_entry_dummy, serial_ice,
          serial_ice_l, serial_ice_e, serial_ice_c, serial_ice_a, serial_ice_n,
          nicolae_transporter_intersection, uniq_gastronok
D:9:      layout_roguey, nicolae_kikubaaqudgha_miasma_corner,
          lemuel_doored_altar, nicolae_overflow_hidden_temple,
          nicolae_wu_jian_glorious_leap, erik_orc_2, minmay_circle_x,
          uniq_maggie, uniq_maurice
D:10:     cheibrodos_histonic, layout_irregular_city, overflow_temple_1_default,
          bh_hangedman_babel_library
D:11:     layout_long_grid
D:12:     layout_cave_pools
D:13:     layout_stronghold, minmay_diamond_spiral
D:14:     minmay_angry_zag, layout_stronghold, grunt_vaults_entry_fortified,
          fountainhead, uniq_nessos, uniq_louise
D:15:     gammafunk_enter_depths_forms, layout_gridville, reono_crystal_passage,
          serial_shops, nicolae_shop_temple_entry_statues_fountains
Lair:1:   layout_cave_pods, kennysheep_rathole
Lair:2:   layout_regular_city, minmay_shoals_entry_beasts,
          minmay_snake_entry_guardpost_small, portal_ice_cave_entry_pillars_1,
          grunt_megastairs_3
Lair:3:   layout_misc_corridors
Lair:4:   layout_loops_ring, minmay_slime_entry_pillars, serial_forest,
          infiniplex_forest_side_room, infiniplex_forest_clump_large,
          infiniplex_forest_3_way, infiniplex_forest_lined_2,
          infiniplex_forest_lined_room_2, infiniplex_forest_lined_2,
          infiniplex_forest_lined_2, infiniplex_forest_zigzag_1
Lair:5:   cheibrodos_lair_end_hotspot, layout_loops_ring
Shoals:1: layout_shoals, uniq_nikola, uniq_roxanne
Shoals:2: layout_shoals, ebering_ghost_inner_flame, uniq_ilsuiw, uniq_mlioglotl
Orc:1:    layout_caves, basic_altar
Orc:2:    st_orc_congregation, layout_diamond_mine, serial_shops, shop,
          uniq_josephine

Skill      XL: |  1  2  3  4  5  6  7  8  9 10 11 12 13 14 15 16 |
---------------+-------------------------------------------------+-----
Fighting       | 4 5 6 7 8 9 10 11 12 13 15 | 15.7
Axes           | 4 5 6 7 8 9 10 11 12 14 15 | 15.7
Armour         | 3 4 5 6 7 9 10 11 12 13 14 15 | 15.5
Ranged Weapons | 1 2 3 5 6 7 8 9 10 12 13 | 13.0
Dodging        | 3 4 6 7 8 9 10 11 12 13 14 | 14.3
Shields        | 1 2 3 5 6 7 9 10 12 13 14 15 | 15.0

Action                   |  1- 3 |  4- 6 |  7- 9 | 10-12 | 13-15 | 16-18 || total
-------------------------+-------+-------+-------+-------+-------+-------++-------
Melee: Hand axe          |    20 |       |       |       |       |       ||    20
       Broad axe         |    53 |    83 |   177 |   527 |  1153 |       ||  1993
       Headbutt          |     8 |    13 |    36 |   132 |   391 |    78 ||   658
       Spear             |       |       |       |    21 |     6 |       ||    27
       Demon whip        |       |       |       |       |   249 |   257 ||   506
Throw: Boomerang         |       |     5 |     4 |    17 |    81 |       ||   107
       Dart              |       |       |       |     2 |     1 |       ||     3
       Throwing net      |       |       |       |     2 |     1 |       ||     3
Invok: Berserk           |       |       |     3 |     8 |    15 |     4 ||    30
       Brothers in Arms  |       |       |       |       |       |     1 ||     1
  Use: Scroll            |       |       |    10 |     3 |    20 |       ||    33
Armor: Animal skin       |     6 |       |       |       |       |       ||     6
       Scale mail        |    17 |    10 |       |       |       |       ||    27
       Chain mail        |       |    21 |    43 |       |       |       ||    64
       Plate armour      |       |       |    45 |   290 |   469 |    47 ||   851
Dodge: Dodged            |    63 |    36 |    76 |   223 |   576 |    80 ||  1054
Block: Buckler           |       |     7 |       |       |   713 |       ||   720
       Kite shield       |       |    15 |   113 |   388 |   119 |       ||   635
       Reflection        |       |       |       |       |    58 |    17 ||    75
       Tower shield      |       |       |       |       |   255 |   282 ||   537
